 Dungeon Crawl Stone Soup version 0.24-a0-698-g60d090ba07 (webtiles) character file.

525942 ziltoidlt the Cloud Mage (level 25, 148/150 HPs)
             Began as a Tengu Air Elementalist on Nov 5, 2017.
             Was the Champion of Vehumet.
             Quit the game on level 5 of the Depths on May 8, 2020.
             The game lasted 15:39:17 (98268 turns).

ziltoidlt the Cloud Mage (Tengu Air Elementalist)  Turns: 98268, Time: 15:39:18

Health: 148/150    AC: 35    Str: 19    XL:     25   Next: 46%
Magic:  15/73      EV: 21    Int: 29    God:    Vehumet [******]
Gold:   5060       SH: 15    Dex: 20    Spells: 1/64 levels left

rFire    + . .     SeeInvis +   b - staff of power
rCold    + . .     Gourm    .   F - +1 shield {AC+3}
rNeg     . . .     Faith    .   V - +8 fire dragon scales
rPois    .         Spirit   .   o - +3 hat of Pondering {ponderous, MR+ MP+10 Int+5}
rElec    +         Reflect  .   v - +2 cloak of the Thief {+Fog Slay-2 SInv Stlth+}
rCorr    +         Harm     .   n - +2 pair of gloves
MR       +++..     Rnd*Rage +   (boots unavailable)
Stlth    ++........             W - amulet of regeneration
HPRegen  0.75/turn              d - ring of Kithesk {Ice *Drain rElec MR+ Str+5}
MPRegen  0.43/turn              E - ring of the Octopus King {rCorr AC+1 EV+1 Str+1 Int+1 Dex+1}

@: flying quickly and evasively, constricted, deflect missiles
A: beak, horns 1, talons 3, agile 1, berserk 1, cold resistance 1, strong 1,
wild magic 1, able to fly
}: 3/15 runes: decaying, serpentine, slimy
a: Stop Flying, Renounce Religion, Evoke Fog


You were on level 5 of the Depths.
You worshipped Vehumet.
Vehumet was exalted by your worship.
You were very hungry.

You visited 9 branches of the dungeon, and saw 49 of its levels.
You visited the Abyss 1 time.
You visited 1 bazaar.
You also visited: Sewer and Ice Cave.

You collected 7143 gold pieces.
You spent 2083 gold pieces at shops.

Inventory:

Hand Weapons
 a - the +4 flail "Itaebbei" {crush, *Corrode +Rage rF+++ Int+3}
   (You found it on level 5 of the Pits of Slime)

   It inflicts extra damage upon your enemies.
   It affects your intelligence (+3).
   It renders you almost immune to fire.
   It lets you go berserk.
   It may corrode you when you take damage.
Armour
 i - a +2 shield of cold resistance
 n - a +2 pair of gloves (worn)
 o - the +3 hat of Pondering (worn) {ponderous, MR+ MP+10 Int+5}
   (You found it on level 5 of the Pits of Slime)

   It affects your intelligence (+5).
   It affects your resistance to hostile enchantments.
   It affects your magic capacity (+10).
 v - the +2 cloak of the Thief (worn) {+Fog Slay-2 SInv Stlth+}
   (You acquired it in an ice cave)

   It affects your accuracy and damage with ranged weapons and melee attacks
   (-2).
   It lets you see invisible.
   It makes you more stealthy.
 F - a +1 shield of protection (worn)
 V - +8 fire dragon scales (worn)
Magical Staves
 b - an uncursed staff of power (weapon)
Jewellery
 d - the ring of Kithesk (left hand) {Ice *Drain rElec MR+ Str+5}
   (You found it on level 5 of the Pits of Slime)

   [ring of ice]

   It enhances your ice magic.
   It affects your strength (+5).
   It makes you vulnerable to fire.
   It protects you from cold.
   It insulates you from electricity.
   It affects your resistance to hostile enchantments.
   It causes draining when unequipped.
 x - an uncursed ring of poison resistance
 D - an uncursed ring of magical power
 E - a ring of the Octopus King (right hand) {rCorr AC+1 EV+1 Str+1 Int+1 Dex+1}
   (You took it off a deep elf sorcerer on level 3 of the Elven Halls)

   [ring of resist corrosion]

   It affects your AC (+1).
   It affects your evasion (+1).
   It affects your strength (+1).
   It affects your intelligence (+1).
   It affects your dexterity (+1).
   It provides partial protection from all sources of acid and corrosion.
 J - the ring "Jataept" {EV+5 Str+2 Dex+3}
   (You found it on level 12 of the Dungeon)

   [ring of evasion]

   It affects your evasion (+5).
   It affects your strength (+2).
   It affects your dexterity (+3).
 O - the ring "Ellouzuekh" {+Inv +Fly EV+1 Int+4 Stlth+}
   (You found it on level 12 of the Dungeon)

   [ring of evasion]

   It affects your evasion (+1).
   It affects your intelligence (+4).
   It lets you turn invisible.
   It lets you fly.
   It makes you more stealthy.
 W - an amulet of regeneration (around neck)
 Y - the ring "Zojel" {rC++ rN+}
   (You found it on level 2 of the Elven Halls)

   [ring of positive energy]

   It greatly protects you from cold.
   It protects you from negative energy.
Wands
 g - a wand of clouds (4)
 L - a wand of digging (15)
Scrolls
 e - 13 scrolls of teleportation
 l - 8 scrolls of fear
 p - 15 scrolls of remove curse
 q - 5 scrolls of immolation
 r - 11 scrolls of identify
 y - 4 scrolls of removedness
 A - 11 scrolls of fog
 B - 10 scrolls of enchant weapon
 G - 2 scrolls of amnesia
 K - 6 scrolls of magic mapping
 Q - 2 scrolls of holy word
 T - 3 scrolls of blinking
Potions
 f - 22 potions of curing
 h - 5 potions of brilliance
 k - 5 potions of invisibility
 t - 3 potions of cancellation
 u - 9 potions of agility
 w - 9 potions of heal wounds
 C - 12 potions of haste
 H - 3 potions of mutation
 R - 3 potions of resistance
 S - 4 potions of magic
Miscellaneous
 s - a lightning rod (4/4)
 N - a phial of floods
 U - 5 phantom mirrors
Comestibles
 c - 33 rations
 m - 4 chunks of flesh
 z - a ration


   Skills:
 - Level 13.5 Fighting
   Level 3.1 Polearms
 - Level 13.2 Armour
 - Level 13.1 Dodging
 - Level 2.0 Stealth
 + Level 14.6 Shields
 - Level 20.0 Spellcasting
 - Level 16.5 Conjurations
 - Level 4.1 Charms
 - Level 14.0 Summonings
 - Level 6.2 Translocations
 - Level 3.0 Fire Magic
 - Level 6.6 Ice Magic
 - Level 23.0 Air Magic
 - Level 8.0 Evocations


You had one spell level left.
You knew the following spells:

 Your Spells              Type           Power        Failure   Level  Hunger
a - Shock                 Conj/Air       ####         1%          1    None
b - Swiftness             Chrm/Air       #######.     1%          2    None
c - Airstrike             Air            ########..   1%          4    None
d - Summon Lightning Spi  Summ/Air       ########     1%          4    None
e - Spellforged Servitor  Conj/Summ      ########..   2%          7    ###....
f - Iskenderun's Battles  Conj/Chrm      #######.     1%          5    None
g - Freezing Cloud        Conj/Ice/Air   ########..   1%          6    None
h - Apportation           Tloc           ######       1%          1    None
i - Chain Lightning       Conj/Air       ########..   3%          8    #####..
j - Deflect Missiles      Chrm/Air       #######...   4%          6    None
k - Tornado               Air            ########..   11%         9    ######.
l - Passage of Golubria   Tloc           N/A          4%          4    None
m - Bolt of Fire          Conj/Fire      #######...   4%          6    None

Your spell library contained the following spells:

 Spells                   Type           Power        Failure   Level  Hunger
 Lehudib's Crystal Spear  Conj/Erth      #######...   90%         8    #####..
 Fire Storm               Conj/Fire      #######...   100%        9    ######.
 Fireball                 Conj/Fire      #######...   1%          5    None
 Ignite Poison            Fire/Tmut/Pois #####...     3%          3    None
 Ring of Flames           Chrm/Fire      ######....   100%        7    ###....
 Ignition                 Fire           ######....   100%        8    #####..


Dungeon Overview and Level Annotations

Branches:
Dungeon (15/15)            Temple (0/1) D:4            Lair (6/6) D:8
  Swamp (4/4) Lair:4        Snake (4/4) Lair:3        Slime (5/5) Lair:6
    Orc (2/2) D:11            Elf (3/3) Orc:2        Vaults (5/5) D:14
  Crypt (0/3) Vaults:2     Depths (5/5) D:15            Zot (0/5) Depths:5

Altars:
Cheibriados
Gozag
Kikubaaqudgha
Okawaru
Sif Muna
Vehumet
Wu Jian
Yredelemnul
The Shining One
Lugonu

Shops:
D:9 }   D:10 *   Orc:2 [*[}   Elf:3 (   Snake:2 }=}   Vaults:2 ?   Depths:2 ?
Depths:3 [

Portals:
Hell: Depths:1 Depths:2 Depths:3 Depths:4 Depths:5
Abyss: Depths:1 Depths:2 Depths:4*
Pandemonium: Depths:1 Depths:3
Ziggurat: Depths:3

Annotations:
D:9 exclusion: downstairs
Lair:3 Guardian serpent
Swamp:3 Bai Suzhen
Vaults:5 Sojobo
Depths:1 exclusion: downstairs


Innate Abilities, Weirdness & Mutations

You have a beak for a mouth.
You have claws for feet.
You have a pair of small horns on your head.
You are agile. (Dex +2)
You tend to lose your temper in combat.
Your flesh is cold resistant. (rC+)
Your muscles are strong. (Str +2)
Your spells are a little harder to cast, but a little more powerful.


Message History

The tentacled monstrosity resists.
The tentacled monstrosity is severely wounded.
The lightning arc hits you!
The lightning arc hits the tentacled monstrosity.
The tentacled monstrosity resists.
The tentacled monstrosity is severely wounded.
The lightning arc hits you!
You are feeling very hungry.
You hear a deafening roar!
You block the tentacled monstrosity's attack.
The tentacled monstrosity tentacle-slaps you but does no damage. x2
The tentacled monstrosity grabs you.
The tentacled monstrosity constricts you.
A titan comes into view.
Welcome back, ziltoidlt the Tengu Air Elementalist.
Vehumet says: Let it end in hellfire!
Press ? for a list of commands and other information.
Quiver which item? (- for none, * to show all) (? for menu, Esc to quit)
Okay, then.
Are you sure you want to abandon this character and quit the game? (Confirm with "yes".)

....### .....## ##
......##.
#.##.......^# .
#...#.......## .[
...........##
#.###..#.......#
#....@.#......### .
#...aX.8#.......#
#...#.).(.........#
#.....((....#.....#
C...[.....#..#....#
..%....#†.#..##...#
..(......○#...##.)#
[[.%$...##§######.#
.(%..... .#. ##.(#


You could see a tentacled monstrosity, a titan, an entropy weaver and a friendly
lightning spire.

Vanquished Creatures
  the Royal Jelly (Slime:5)
  2 ancient liches (Depths:2)
  Boris (Vaults:4)
  the Lernaean hydra (Swamp:4)
  Margery (Vaults:4)
  3 caustic shrikes
  the Enchantress (Depths:4)
  2 liches
  Jorgrun (Depths:4)
  2 tentacled monstrosities (Vaults:5)
  An Ice Fiend (IceCv)
  A deep elf blademaster (Elf:2)
  2 deep elf master archers (Elf:3)
  2 quicksilver dragons (Depths:3)
  23 acid blobs
  The ghost of chasm the Brawler, an adept TrMo of Trog (Swamp:2)
  3 sphinxes
  A shadow dragon (Depths:5)
  A thorn hunter (Swamp:4)
  3 tengu reavers
  2 storm dragons
  20 azure jellies
  Donald (Swamp:4)
  A revenant (Vaults:2)
  6 frost giants
  6 nagarajas (Snake:4)
  Aizul (Snake:3)
  A fire giant (Depths:4)
  12 deep elf sorcerers
  A curse skull (Vaults:2)
  6 vault wardens
  3 deep elf elementalists
  2 spriggan defenders (Depths:4)
  A caustic shrike skeleton (Depths:5)
  3 ironheart preservers
  A draconian annihilator (Depths:5)
  5 deep elf demonologists
  9 very ugly things
  An entropy weaver (Vaults:4)
  11 stone giants
  4 vampire knights
  7 deep elf annihilators
  6 dire elephants
  4 spark wasps
  7 ettins
  8 death oozes
  Josephine (D:11)
  8 fire dragons
  A crystal guardian (Vaults:4)
  3 deep elf death magi (Elf:3)
  2 jiangshi
  12 yaktaur captains
  The ghost of jhonbiscuit the Basher, a journeyman MiBe of Trog (D:9)
  13 great orbs of eyes
  7 deep elf high priests
  8 ice dragons
  29 vault guards
  Erolcha (Orc:2)
  The ghost of 4thArraOfDagon the Spear-Bearer, a journeyman DgVM (Lair:1)
  10 ogre magi
  16 naga warriors
  11 rakshasas
  5 spriggan air magi
  2 ghost crabs
  4 anacondas
  12 centaur warriors
  2 death knights
  18 hydras
  42 two-headed ogres
  6 tengu warriors
  8 alligators
  4 deep troll shamans
  A two-headed ogre (shapeshifter) (Depths:5)
  A deep troll earth mage (Depths:5)
  5 vampire magi
  3 spriggan berserkers
  24 dancing weapons
  5 hell knights
  3 shock serpents
  Sonja (Lair:4)
  A shock serpent (shapeshifter) (Depths:5)
  13 deep elf knights
  Urug (D:12)
  20 naga sharpshooters
  A large abomination (Elf:3)
  A storm dragon zombie (Vaults:2)
  2 shadow wraiths
  8 skeletal warriors
  A spark wasp zombie (Depths:5)
  9 deep trolls
  6 unseen horrors
  A wizard (Depths:5)
  3 shambling mangroves
  4 glowing orange brains
  2 phantasmal warriors
  2 spriggan druids
  11 swamp dragons
  13 ironbrand convokers
  18 deep elf archers
  A swamp dragon (shapeshifter) (Depths:5)
  3 naga ritualists (Snake:4)
  8 necromancers
  10 orc knights
  A flayed ghost (Vaults:4)
  3 harpies (Vaults:2)
  A harpy (shapeshifter) (Vaults:4)
  2 tengu skeletons
  4 orc sorcerers
  A human zombie (Vaults:3)
  33 ugly things
  8 shining eyes
  4 oklob plants (Lair:5)
  A mana viper (Snake:3)
  A manticore (shapeshifter) (Depths:2)
  58 deep elf magi
  4 salamanders
  2 wolf spiders (Vaults:2)
  7 cyclopes
  4 manticores
  2 centaur zombies
  A fire giant skeleton (Vaults:3)
  A human skeleton (Vaults:3)
  24 black mambas
  2 moths of wrath (shapeshifter)
  15 vault sentinels
  5 guardian serpents
  7 elephants
  A black mamba (shapeshifter) (D:15)
  5 gargoyles
  A spiny frog (shapeshifter) (Depths:5)
  An ice statue (IceCv)
  21 naga magi
  5 eyes of devastation
  17 spiny frogs
  5 centaur skeletons
  10 komodo dragons
  46 yaktaurs
  5 rime drakes
  A yaktaur (shapeshifter) (Depths:2)
  10 freezing wraiths
  5 ice devils (IceCv)
  4 golden dragon simulacra (IceCv)
  2 kobold demonologists
  6 tengu conjurers
  5 anaconda simulacra (IceCv)
  A polar bear (Lair:5)
  28 trolls
  A jumping spider (Vaults:4)
  A queen bee (Lair:5)
  13 hornets
  3 meliai (Lair:5)
  9 tyrant leeches
  13 blink frogs
  2 raiju (shapeshifter)
  90 slime creatures
  A stone giant simulacrum (Vaults:3)
  8 hippogriffs
  9 bog bodies
  A meliai zombie (D:12)
  An ettin zombie (Vaults:2)
  The ghost of EnegeticOcto the Skirmisher, an amateur OgMo (D:3)
  A tarantella (Vaults:4)
  5 shadows
  A tarantella (shapeshifter) (Depths:3)
  2 redbacks (shapeshifter)
  12 spriggans
  A fire giant simulacrum (Vaults:3)
  9 wraiths
  27 yaks
  9 air elementals
  5 basilisks
  8 wyverns
  3 dire elephant simulacra (IceCv)
  4 water elementals
  3 fire elementals (Elf:3)
  Grum (D:11)
  2 yaks (shapeshifter)
  12 golden eyes
  A basilisk (shapeshifter) (Vaults:1)
  2 hungry ghosts
  7 vampire mosquitoes
  23 swamp worms
  A harpy simulacrum (IceCv)
  3 iron troll simulacra (IceCv)
  3 acid dragons
  33 nagas
  2 soldier ants
  6 wargs
  23 insubstantial wisps
  13 water moccasins
  2 hydra simulacra (IceCv)
  5 porcupines
  3 sky beasts
  15 swamp drakes
  2 black bears
  4 eyes of draining
  32 orc warriors
  6 ice beasts
  An ettin simulacrum (IceCv)
  4 phantoms
  7 boggarts
  45 ogres
  9 wolves
  16 crocodiles
  2 big kobolds
  17 centaurs
  2 earth elementals (Elf:1)
  A gnoll sergeant (D:10)
  12 bullfrogs
  2 wyvern zombies
  2 glowing shapeshifter simulacra
  5 scorpions
  47 killer bees
  14 wights
  6 howler monkeys
  13 electric eels
  10 crimson imps
  A bullfrog zombie (D:10)
  4 draconian simulacra (IceCv)
  A bullfrog skeleton (D:9)
  5 hounds
  29 orc wizards
  A gnoll shaman (D:10)
  13 jellies
  13 orc priests
  Jessica (D:3)
  5 iguanas
  A polar bear simulacrum (IceCv)
  A spriggan simulacrum (IceCv)
  Terence (D:2)
  12 worker ants
  2 troll simulacra (IceCv)
  A centaur simulacrum (IceCv)
  A worker ant zombie (D:11)
  11 gnolls
  3 naga simulacra (IceCv)
  11 river rats
  26 adders
  2 ogre simulacra (IceCv)
  3 shadow imps
  10 white imps
  3 ufetubi
  An ooze (D:2)
  2 adder skeletons
  2 worms (D:5)
  3 dart slugs
  5 leopard geckos
  84 orcs
  5 ball pythons
  5 giant cockroaches
  7 goblins
  14 hobgoblins
  3 jackals (D:8)
  4 quokkas
  5 bats
  4 frilled lizards
  32 kobolds
  A quokka zombie (D:7)
  21 rats
  A crawling corpse (Elf:3)
  4 plants
  2 snaplasher vines (Snake:3)
1986 creatures vanquished.

Vanquished Creatures (collateral kills)
  Saint Roka (Depths:1)
  Xtahua (Depths:4)
  A deep elf blademaster (Elf:3)
  4 acid blobs
  A nagaraja (Snake:1)
  4 deep elf sorcerers
  A fire giant (Depths:3)
  A vault warden (Vaults:2)
  A juggernaut zombie (Depths:5)
  3 frost giants
  A deep elf elementalist (Elf:3)
  3 very ugly things
  2 ironheart preservers (Vaults:3)
  A stone giant (Vaults:3)
  A spriggan defender (Depths:4)
  A deep elf demonologist (Elf:1)
  A deep elf death mage (Elf:3)
  A death ooze (Slime:5)
  2 fire dragons
  2 yaktaur captains
  An ettin (Depths:5)
  3 great orbs of eyes
  A jiangshi (Depths:5)
  A hydra (Swamp:4)
  3 ice dragons
  3 rakshasas
  2 vault guards
  9 two-headed ogres
  2 anacondas
  2 ogre magi
  A centaur warrior (Vaults:1)
  A deep troll shaman (Depths:3)
  2 deep troll earth magi
  A spriggan berserker (Depths:2)
  3 deep elf knights
  A storm dragon zombie (Vaults:2)
  A hell knight (Vaults:4)
  4 skeletal warriors
  6 deep trolls
  2 deep elf archers
  3 orc knights
  A swamp dragon (Swamp:4)
  3 necromancers
  3 ugly things
  A shining eye (shapeshifter) (Vaults:3)
  2 salamanders
  4 shining eyes
  8 deep elf magi
  A tengu skeleton (Vaults:2)
  2 orc sorcerers
  A cyclops (Vaults:2)
  A stone giant skeleton (Vaults:2)
  A naga mage (Snake:3)
  A vault sentinel (Vaults:3)
  3 black mambas
  A spiny frog (Swamp:4)
  7 yaktaurs
  A yaktaur skeleton (Vaults:2)
  27 slime creatures
  A redback (Vaults:4)
  2 swamp worms (Swamp:4)
  3 nagas
  2 swamp drakes (Swamp:4)
  6 orc warriors
  A wolf (shapeshifter) (Vaults:4)
  7 ogres
  2 human skeletons (Vaults:2)
  2 jellies (Slime:3)
  An orc priest (Vaults:2)
  10 orcs
190 creatures vanquished.

Vanquished Creatures (others)
  A yaktaur captain (Vaults:5)
  A vault guard (Vaults:5)
  25 ball lightnings
  18 fungi
  28 plants
  2 snaplasher vines (Snake:3)
75 creatures vanquished.

Grand Total: 2251 creatures vanquished

Notes
Turn   | Place    | Note
-------+----------+-------------------------------------------
     0 | D:1      | ziltoidlt the Tengu Air Elementalist began the quest for
                  | the Orb.
     0 | D:1      | Reached XP level 1. HP: 10/10 MP: 4/4
   433 | D:1      | Reached XP level 2. HP: 11/15 MP: 3/6
   499 | D:1      | Learned a level 2 spell: Swiftness
  1309 | D:2      | Reached XP level 3. HP: 11/19 MP: 0/8
  1716 | D:2      | Reached skill level 5 in Air Magic
  2050 | D:2      | Noticed Terence
  2086 | D:2      | Reached XP level 4. HP: 24/24 MP: 4/9
  2092 | D:2      | Learned a level 4 spell: Airstrike
  2740 | D:3      | Reached skill level 1 in Armour
  3226 | D:3      | Gained mutation: You can fly continuously. [Tengu growth]
  3226 | D:3      | Reached XP level 5. HP: 28/28 MP: 5/10
  3227 | D:3      | Reached skill level 6 in Air Magic
  3280 | D:3      | Noticed EnegeticOcto's ghost (amateur OgMo)
  4136 | D:3      | Noticed Jessica
  4334 | D:4      | Reached XP level 6. HP: 32/32 MP: 9/11
  4366 | D:4      | Found a radiant altar of Vehumet.
  4417 | D:4      | Became a worshipper of Vehumet
  4455 | D:4      | Noticed a phantom
  4469 | D:4      | Killed a phantom
  4469 | D:4      | Reached skill level 7 in Air Magic
  4594 | D:4      | Noticed a phantom
  4605 | D:4      | Killed a phantom
  4605 | D:4      | Reached XP level 7. HP: 36/36 MP: 0/14
  4872 | D:4      | Found a staircase to the Ecumenical Temple.
  4908 | D:4      | Found an ancient bone altar of Kikubaaqudgha.
  5118 | D:4      | Reached skill level 8 in Air Magic
  5632 | D:3      | Killed EnegeticOcto's ghost
  5632 | D:3      | Reached skill level 5 in Spellcasting
  5749 | D:5      | Entered Level 5 of the Dungeon
  5838 | D:5      | Reached XP level 8. HP: 36/41 MP: 4/17
  6198 | D:5      | Reached skill level 1 in Shields
  6209 | D:5      | Found a glowing drain.
  6213 | Sewer    | Entered a sewer
  6255 | Sewer    | Reached skill level 1 in Fighting
  6305 | Sewer    | Reached * piety under Vehumet
  6305 | Sewer    | Offered knowledge of Freeze by Vehumet.
  7044 | Sewer    | Reached ** piety under Vehumet
  7044 | Sewer    | Offered knowledge of Flame Tongue by Vehumet.
  8177 | D:5      | Found an ornate altar of the Wu Jian Council.
  8268 | D:3      | Killed Jessica
  8507 | D:2      | Killed Terence
  8847 | D:6      | Reached XP level 9. HP: 51/51 MP: 11/19
  9248 | D:6      | Found a glowing golden altar of the Shining One.
  9251 | D:6      | Found an iron altar of Okawaru.
  9292 | D:6      | Found a basalt altar of Yredelemnul.
  9397 | D:6      | Offered knowledge of Searing Ray by Vehumet.
  9840 | D:7      | Found a glowing golden altar of the Shining One.
  9872 | D:7      | Found an opulent altar of Gozag.
  9972 | D:7      | Got a pair of faintly humming gloves
  9985 | D:7      | Identified the +2 pair of gloves of the Locust {-Tele rF+++
                  | Regen+ Stlth+} (You found it on level 7 of the Dungeon)
 10566 | D:8      | Noticed a two-headed ogre
 10806 | D:8      | Reached *** piety under Vehumet
 10806 | D:8      | Reached skill level 5 in Conjurations
 11011 | D:8      | Noticed a two-headed ogre
 11040 | D:8      | Killed a two-headed ogre
 11175 | D:8      | Noticed a hornet
 11178 | D:8      | Killed a hornet
 11178 | D:8      | Reached XP level 10. HP: 56/56 MP: 9/21
 11270 | D:8      | Found a staircase to the Lair.
 11270 | D:8      | Noticed an elephant
 11293 | D:8      | Reached skill level 5 in Armour
 11463 | D:7      | Learned a level 5 spell: Lightning Bolt
 11783 | D:8      | Killed a two-headed ogre
 12489 | D:8      | Killed an elephant
 12489 | D:8      | Reached skill level 9 in Air Magic
 12715 | D:8      | Found a deep blue altar of Sif Muna.
 12763 | Lair:1   | Entered Level 1 of the Lair of Beasts
 12971 | D:8      | Reached skill level 5 in Fighting
 13119 | Lair:1   | You fall through a shaft!
 13222 | Lair:2   | Reached skill level 10 in Air Magic
 13672 | Lair:1   | Noticed a spiny frog
 13678 | Lair:1   | Killed a spiny frog
 13805 | Lair:1   | Noticed 4thArraOfDagon's ghost (journeyman DgVM)
 13825 | Lair:1   | Killed 4thArraOfDagon's ghost
 13825 | Lair:1   | Offered knowledge of Force Lance by Vehumet.
 13825 | Lair:1   | Reached XP level 11. HP: 62/64 MP: 1/24
 13949 | Lair:2   | Learned a level 4 spell: Force Lance
 14915 | Lair:1   | Reached skill level 1 in Polearms
 15614 | Lair:2   | Noticed a four-headed hydra
 15654 | Lair:2   | Noticed a five-headed hydra
 15674 | Lair:2   | Killed a four-headed hydra
 16095 | Lair:2   | Killed a five-headed hydra
 16095 | Lair:2   | Reached skill level 5 in Dodging
 16810 | Lair:3   | Found a staircase to the Snake Pit.
 17620 | Lair:4   | Reached skill level 11 in Air Magic
 18453 | Lair:4   | Learned a level 3 spell: Static Discharge
 18467 | Lair:4   | Found a staircase to the Swamp.
 18697 | Lair:4   | Reached XP level 12. HP: 73/73 MP: 14/26
 19120 | Lair:4   | Noticed Sonja
 19294 | Lair:4   | Killed Sonja
 19685 | Lair:4   | Reached skill level 12 in Air Magic
 19785 | Lair:5   | Noticed an eight-headed hydra
 19795 | Lair:5   | Killed an eight-headed hydra
 20611 | Lair:5   | Reached **** piety under Vehumet
 20767 | Lair:5   | Offered knowledge of Sticky Flame by Vehumet.
 20773 | Lair:5   | Learned a level 4 spell: Sticky Flame
 21580 | Lair:5   | Reached skill level 10 in Spellcasting
 22977 | Lair:5   | Reached skill level 13 in Air Magic
 23129 | Lair:5   | Reached ***** piety under Vehumet
 23129 | Lair:5   | Reached XP level 13. HP: 63/78 MP: 3/29
 23156 | Lair:5   | Offered knowledge of Iron Shot by Vehumet.
 24141 | Lair:5   | Reached skill level 14 in Air Magic
 24493 | Lair:6   | Entered Level 6 of the Lair of Beasts
 25540 | Lair:6   | Got a shimmering jade ring
 25541 | Lair:6   | Identified the ring of Ipus {Ice Int+3} (You found it on
                  | level 6 of the Lair of Beasts)
 26106 | Lair:6   | Found a staircase to the Slime Pits.
 26926 | Lair:6   | Noticed a dire elephant
 26926 | Lair:6   | Noticed a dire elephant
 26961 | Lair:6   | Noticed a dire elephant
 26965 | Lair:6   | Noticed a dire elephant
 26966 | Lair:6   | Noticed a dire elephant
 27132 | Lair:5   | Killed a dire elephant
 27132 | Lair:5   | Reached skill level 10 in Fighting
 27278 | Lair:5   | Killed a dire elephant
 27731 | Lair:6   | Killed a dire elephant
 28051 | Lair:6   | Killed a dire elephant
 28051 | Lair:6   | Reached skill level 10 in Dodging
 28145 | Lair:6   | Noticed a dire elephant
 28160 | Lair:6   | Killed a dire elephant
 28404 | Lair:6   | Killed a dire elephant
 28404 | Lair:6   | Gained mutation: [Tengu growth]
 28404 | Lair:6   | Reached XP level 14. HP: 88/88 MP: 12/30
 28532 | Lair:6   | Found a staircase to the Slime Pits.
 28785 | Lair:6   | Learned a level 4 spell: Iskenderun's Mystic Blast
 29019 | D:9      | Noticed jhonbiscuit's ghost (journeyman MiBe)
 29069 | D:9      | Killed jhonbiscuit's ghost
 29684 | D:9      | Reached skill level 10 in Conjurations
 30054 | D:9      | Upgraded the game from 0.21-a0-426-g98080a9 to
                  | 0.21-a0-434-g806c6c2
 30289 | D:9      | Got a faintly glowing buckler
 30317 | D:9      | Identified the +0 buckler of Eherch {rPois Dex+3} (You took
                  | it off an orc wizard on level 9 of the Dungeon)
 30977 | D:9      | Upgraded the game from 0.21-a0-434-g806c6c2 to
                  | 0.21-a0-437-ge5bf024
 31388 | D:9      | Learned a level 5 spell: Summon Forest
 31447 | D:9      | Found Horeawn's Gadget Shoppe.
 31548 | D:9      | Found a deep blue altar of Sif Muna.
 31995 | D:10     | Entered Level 10 of the Dungeon
 31997 | D:10     | Reached skill level 1 in Summonings
 32130 | D:10     | Reached skill level 1 in Translocations
 32930 | D:10     | Found Welaisul's Elemental Accessories.
 32935 | D:10     | Bought the Collected Works on the Birds for 1024 gold
                  | pieces
 32944 | D:10     | Learned a level 6 spell: Conjure Ball Lightning
 33455 | D:11     | Reached skill level 1 in Charms
 33457 | D:11     | Offered knowledge of Bolt of Fire by Vehumet.
 33701 | D:11     | Upgraded the game from 0.21-a0-437-ge5bf024 to
                  | 0.21-a0-440-g28109cb
 34047 | D:11     | Noticed Grum
 34406 | D:11     | Noticed Josephine
 34413 | D:11     | Killed Josephine
 34420 | D:11     | Killed Grum
 35264 | D:11     | Found a staircase to the Orcish Mines.
 35635 | Orc:1    | Entered Level 1 of the Orcish Mines
 36850 | D:12     | Offered knowledge of Freezing Cloud by Vehumet.
 37316 | D:12     | Gained mutation: You are weak. (Str -2) [mutagenic meat]
 37340 | D:12     | Reached skill level 5 in Summonings
 37341 | D:12     | Gained mutation: You are agile. (Dex +2) [mutagenic meat]
 37342 | D:12     | Gained mutation: You expend magic power (3 MP) to
                  | strengthen your wands. [mutagenic meat]
 37343 | D:12     | Gained mutation: You evolve. [mutagenic meat]
 37514 | D:12     | Learned a level 6 spell: Freezing Cloud
 37549 | D:12     | Reached skill level 1 in Ice Magic
 37838 | D:12     | Got a heavily runed platinum ring
 37840 | D:12     | Identified the ring "Jataept" {EV+5 Str+2 Dex+3} (You found
                  | it on level 12 of the Dungeon)
 37904 | D:12     | Reached XP level 15. HP: 89/95 MP: 31/31
 38291 | D:12     | Found a snail-covered altar of Cheibriados.
 38753 | D:12     | Got a bound platinum ring
 38755 | D:12     | Identified the ring "Ellouzuekh" {+Inv +Fly EV+1 Int+4
                  | Stlth+} (You found it on level 12 of the Dungeon)
 38792 | D:12     | Got a brightly glowing glaive
 38919 | D:12     | Got a faintly glowing chain mail
 39294 | D:12     | Noticed Urug
 39352 | D:12     | Killed Urug
 39381 | D:12     | Identified the +1 chain mail "Xunumumea" {rPois rF+} (You
                  | found it on level 12 of the Dungeon)
 39388 | D:12     | Identified the +3 glaive of Division {pain, rC+ MP+9 Int+2}
                  | (You found it on level 12 of the Dungeon)
 39472 | D:12     | Lost mutation: You expend magic power (3 MP) to strengthen
                  | your wands. [evolution]
 39734 | D:13     | Offered knowledge of Iskenderun's Battlesphere by Vehumet.
 39755 | D:13     | Learned a level 5 spell: Iskenderun's Battlesphere
 40387 | D:13     | Learned a level 1 spell: Apportation
 40982 | D:14     | Gained mutation: You tend to lose your temper in combat.
                  | [mutagenic meat]
 40983 | D:14     | Gained mutation: Your spells are a little harder to cast,
                  | but a little more powerful. [mutagenic meat]
 40985 | D:14     | Lost mutation: You are agile. (Dex +2) [mutagenic meat]
 41058 | D:14     | Gained mutation: You are agile. (Dex +2) [mutagenic meat]
 41059 | D:14     | Gained mutation: Your flesh is cold resistant. (rC+)
                  | [mutagenic meat]
 41064 | D:14     | Gained mutation: You are resistant to hostile enchantments.
                  | (MR+) [mutagenic meat]
 41334 | D:14     | Found a gate to the Vaults.
 42171 | Orc:2    | Entered Level 2 of the Orcish Mines
 42882 | Orc:2    | Reached skill level 5 in Translocations
 43167 | Orc:2    | Noticed Erolcha
 43170 | Orc:2    | Killed Erolcha
 43518 | Orc:2    | Reached skill level 10 in Summonings
 43519 | Orc:2    | Reached XP level 16. HP: 38/100 MP: 32/33
 43778 | Orc:2    | Found Yfac's Armour Shop.
 43782 | Orc:2    | Found Teongo's General Store.
 43783 | Orc:2    | Found Roirharuba's Antique Armour Boutique.
 43784 | Orc:2    | Found Visulyr's Gadget Shoppe.
 44080 | Orc:2    | Found a staircase to the Elven Halls.
 44125 | Orc:2    | Offered knowledge of Spellforged Servitor by Vehumet.
 44141 | Orc:2    | Learned a level 7 spell: Spellforged Servitor
 44148 | Orc:2    | Bought the +3 ring mail of Roek {rElec Regen+ Dex+7} for
                  | 620 gold pieces
 45652 | D:15     | Entered Level 15 of the Dungeon
 45797 | D:15     | Reached skill level 10 in Armour
 46366 | D:15     | Found a staircase to the Depths.
 46435 | D:15     | Found a glowing golden altar of the Shining One.
 47079 | Swamp:1  | Entered Level 1 of the Swamp
 47279 | Swamp:1  | Reached skill level 5 in Ice Magic
 48499 | Swamp:2  | Offered knowledge of Ozocubu's Refrigeration by Vehumet.
 48920 | Swamp:2  | Noticed chasm's ghost (adept TrMo)
 48977 | Swamp:2  | Killed chasm's ghost
 49553 | Swamp:2  | Reached XP level 17. HP: 104/104 MP: 16/35
 49705 | Swamp:2  | Learned a level 6 spell: Deflect Missiles
 50807 | Swamp:3  | Noticed Bai Suzhen
 50971 | Swamp:4  | Entered Level 4 of the Swamp
 51078 | Swamp:4  | Found a frozen archway.
 51086 | IceCv    | Entered an ice cave
 51626 | IceCv    | Gained mutation: You have a pair of small horns on your
                  | head. [evolution]
 52287 | IceCv    | Identified a scroll of acquirement
 52289 | IceCv    | Found the +2 cloak of the Thief {+Fog Slay-2 SInv Stlth+}
 52384 | IceCv    | Offered knowledge of Bolt of Cold by Vehumet.
 52441 | IceCv    | Noticed Autsider's ghost (journeyman GrFE)
 52656 | IceCv    | Noticed an Ice Fiend
 52673 | IceCv    | Killed an Ice Fiend
 52765 | IceCv    | Identified the Guide on Poison
 52787 | IceCv    | Got a smoking scale mail
 52788 | IceCv    | Identified the +2 scale mail of Heuxt {Str+4} (You found it
                  | in an ice cave)
 54274 | Swamp:4  | Noticed the 27-headed Lernaean hydra
 54283 | Swamp:4  | Killed the 27-headed Lernaean hydra
 54446 | Swamp:4  | Noticed Donald
 54452 | Swamp:4  | Killed Donald
 55006 | Swamp:4  | Got a decaying rune of Zot
 55266 | Snake:1  | Entered Level 1 of the Snake Pit
 55381 | Snake:1  | Reached ****** piety under Vehumet
 55795 | Snake:1  | Reached skill level 1 in Evocations
 56072 | Snake:1  | Reached XP level 18. HP: 110/110 MP: 26/36
 56998 | Snake:2  | Found Minotzur's Gadget Shoppe.
 56999 | Snake:2  | Found Rorasun's Jewellery Shop.
 57000 | Snake:2  | Found Imecwaow's Gadget Shoppe.
 57633 | Snake:2  | Reached skill level 5 in Evocations
 58720 | Snake:3  | Noticed Aizul
 59831 | Snake:3  | Killed Aizul
 60433 | Snake:4  | Entered Level 4 of the Snake Pit
 60902 | Snake:4  | Offered knowledge of Lehudib's Crystal Spear by Vehumet.
 60902 | Snake:4  | Offered knowledge of Fire Storm by Vehumet.
 60902 | Snake:4  | Offered knowledge of Chain Lightning by Vehumet.
 61183 | Snake:4  | Lost mutation: You are weak. (Str -2) [evolution]
 62736 | Snake:4  | Reached XP level 19. HP: 116/116 MP: 33/37
 62807 | Snake:4  | Got a serpentine rune of Zot
 63186 | Depths:1 | Entered Level 1 of the Depths
 63247 | Depths:1 | Noticed Saint Roka
 63258 | Depths:1 | Killed Saint Roka
 63258 | Depths:1 | Reached skill level 15 in Air Magic
 63333 | Depths:1 | Reached skill level 15 in Conjurations
 64006 | Depths:1 | Found a gateway to Hell.
 64181 | Depths:1 | Found a one-way gate leading to the halls of Pandemonium.
 64535 | Depths:1 | Found a one-way gate to the infinite horrors of the Abyss.
 64744 | Depths:1 | Learned a level 4 spell: Summon Lightning Spire
 65571 | Depths:2 | Paralysed by a great orb of eyes for 2 turns
 65588 | Depths:2 | Reached skill level 16 in Air Magic
 65589 | Depths:2 | Paralysed by a great orb of eyes for 6 turns
 66031 | Depths:2 | Noticed an ancient lich
 66033 | Depths:2 | Noticed an ancient lich
 66522 | Orc:2    | Learned a level 8 spell: Chain Lightning
 66540 | Elf:1    | Entered Level 1 of the Elven Halls
 66834 | Elf:1    | Upgraded the game from 0.21-a0-440-g28109cb to
                  | 0.21-a0-442-g848f44b
 67316 | Elf:1    | Identified the Compendium of Combat Magic and the Entourage
 67937 | Elf:1    | Got a distressingly furry plate armour
 67938 | Elf:1    | Identified the +1 plate armour of Moral Flaws {rN+ Str-2
                  | Int+5 Dex+2} (You found it on level 1 of the Elven Halls)
 68100 | Elf:1    | Reached skill level 17 in Air Magic
 68838 | Elf:2    | Found a huge runed gate.
 68838 | Elf:2    | Found a huge runed gate.
 68838 | Elf:2    | Found a huge runed gate.
 68857 | Elf:2    | Found a huge runed gate.
 68862 | Elf:2    | Found a huge runed gate.
 69206 | Elf:2    | Got a transparent fustibalus
 69207 | Elf:2    | Identified the +7 fustibalus of Nimp {freeze, *Slow rElec
                  | Str+4 Dex+3} (You found it on level 2 of the Elven Halls)
 69236 | Elf:2    | Got a wavering marble ring
 69238 | Elf:2    | Identified the ring "Zojel" {rC++ rN+} (You found it on
                  | level 2 of the Elven Halls)
 69597 | Elf:2    | Reached XP level 20. HP: 122/122 MP: 25/38
 70352 | Elf:2    | Reached skill level 18 in Air Magic
 71058 | Elf:3    | Entered Level 3 of the Elven Halls
 72004 | Elf:3    | Found Denkut's Antique Weapon Emporium.
 72480 | Elf:3    | Gained mutation: Your muscles are strong. (Str +2)
                  | [evolution]
 72959 | Elf:3    | Reached skill level 19 in Air Magic
 73473 | Elf:3    | Reached skill level 15 in Spellcasting
 73479 | Elf:3    | Cast into level 2 of the Abyss (a deep elf sorcerer)
 73513 | Elf:3    | Escaped the Abyss
 73567 | Elf:3    | Got a ring of the Octopus King
 74107 | Elf:3    | Identified a ring of the Octopus King {rCorr AC+1 EV+1
                  | Str+1 Int+1 Dex+1} (You took it off a deep elf sorcerer on
                  | level 3 of the Elven Halls)
 74321 | Elf:3    | Found the +6 arbalest "Damnation" {damnation}
 74546 | Elf:3    | Got a pitted chain mail
 74547 | Elf:3    | Identified the +4 chain mail of Baldness {rF+ rC+ Str-3}
                  | (You took it off a deep elf high priest on level 3 of the
                  | Elven Halls)
 74937 | Slime:1  | Entered Level 1 of the Pits of Slime
 74943 | Slime:1  | Reached XP level 21. HP: 127/127 MP: 41/41
 75058 | Slime:1  | Learned a level 6 spell: Shadow Creatures
 75350 | Slime:2  | Reached skill level 20 in Air Magic
 78761 | Slime:5  | Entered Level 5 of the Pits of Slime
 79219 | Slime:5  | Reached skill level 21 in Air Magic
 79999 | Slime:5  | Noticed the Royal Jelly
 80024 | Slime:5  | Killed the Royal Jelly
 80024 | Slime:5  | Reached skill level 22 in Air Magic
 80024 | Slime:5  | Reached XP level 22. HP: 71/132 MP: 24/44
 80925 | Slime:5  | Found the +3 hat of Pondering {ponderous, MR+ MP+10 Int+5}
 80991 | Slime:5  | Got a shimmering pewter ring
 80993 | Slime:5  | Identified the ring of Kithesk {Ice *Drain rElec MR+ Str+5}
                  | (You found it on level 5 of the Pits of Slime)
 80994 | Slime:5  | Identified the Volume of Malediction and Earth
 81006 | Slime:5  | Identified the +1 leather armour of the Forest {Str+6 Dex-2
                  | SInv Stlth+} (You found it on level 5 of the Pits of Slime)
 81068 | Slime:5  | Identified the Disquisition on the Damaging Entourage
 81071 | Slime:5  | Identified the cursed +1 chain mail of Elyvilon's Fury
                  | {Int+4 Dex+3} (You found it on level 5 of the Pits of
                  | Slime)
 81086 | Slime:5  | Got a slimy rune of Zot
 81093 | Slime:5  | Learned a level 4 spell: Passage of Golubria
 81105 | Slime:5  | Lost mutation: You are resistant to hostile enchantments.
                  | (MR+) [evolution]
 81105 | Slime:5  | Lost mutation: You evolve. [end of evolution]
 81133 | Slime:5  | Identified the +5 whip "Unorareyty" {antimagic, Str+5} (You
                  | found it on level 5 of the Pits of Slime)
 81141 | Slime:5  | Got a transparent hand axe
 81142 | Slime:5  | Identified the +9 hand axe "Yloth" {freeze, rC+ Str+2} (You
                  | found it on level 5 of the Pits of Slime)
 81147 | Slime:5  | Got an iridescent war axe
 81148 | Slime:5  | Identified the +3 war axe "Somic" {flame, *Rage rC+ Str+3}
                  | (You found it on level 5 of the Pits of Slime)
 81197 | Slime:5  | Got a translucent flail
 81198 | Slime:5  | Identified the +4 flail "Itaebbei" {crush, *Corrode +Rage
                  | rF+++ Int+3} (You found it on level 5 of the Pits of Slime)
 81503 | Vaults:1 | Entered Level 1 of the Vaults
 84334 | Vaults:2 | Found a staircase to the Crypt.
 84655 | Vaults:2 | Got a tattered robe
 84656 | Vaults:2 | Identified the +1 robe of Xeilais {rCorr Str+2 Int+2 Dex+4}
                  | (You acquired it on level 2 of the Vaults)
 84890 | Vaults:2 | Learned a level 9 spell: Tornado
 86137 | Vaults:2 | Found Qoomod's Magic Scroll Shoppe.
 86144 | Vaults:2 | Bought a scroll of blinking for 135 gold pieces
 86144 | Vaults:2 | Bought a scroll of identify for 36 gold pieces
 86144 | Vaults:2 | Bought a scroll of magic mapping for 63 gold pieces
 86144 | Vaults:2 | Bought a scroll of blinking for 135 gold pieces
 86863 | Vaults:3 | Found a ruined gateway.
 86930 | Vaults:3 | Reached XP level 23. HP: 136/136 MP: 46/46
 87102 | Vaults:3 | Reached skill level 23 in Air Magic
 88189 | Vaults:3 | Reached skill level 5 in Shields
 88472 | Vaults:4 | Found a flickering gateway to a bazaar.
 88480 | Bazaar   | Entered a bazaar
 88480 | Bazaar   | Found Emoh's Jewellery Shoppe.
 88480 | Bazaar   | Found Copnonug's Gadget Shoppe.
 88480 | Bazaar   | Found Higraef's Gadget Shop.
 88482 | Bazaar   | Found Soucerir's Weapon Emporium.
 88682 | Vaults:4 | Noticed Boris
 88699 | Vaults:4 | Killed Boris
 88871 | Vaults:4 | Noticed Margery
 88880 | Vaults:4 | Killed Margery
 89565 | Vaults:4 | Learned a level 3 spell: Regeneration
 90717 | Vaults:5 | Entered Level 5 of the Vaults
 90720 | Vaults:5 | Noticed Sojobo
 90723 | Vaults:5 | Noticed a golden dragon
 90743 | Vaults:5 | Noticed a golden dragon
 91458 | Elf:3    | Reached XP level 24. HP: 145/145 MP: 47/47
 91940 | Depths:2 | Killed an ancient lich
 92151 | Depths:2 | Killed an ancient lich
 92258 | Depths:2 | Found the +6 Majin-Bo {vamp, Archmagi MP+6 Int+6}
 92765 | Depths:2 | Found Igin's Magic Scroll Shoppe.
 92773 | Depths:2 | Bought a scroll of magic mapping for 70 gold pieces
 93327 | Depths:3 | Noticed a caustic shrike
 93340 | Depths:3 | Killed a caustic shrike
 94111 | Depths:3 | Learned a level 6 spell: Bolt of Fire
 94227 | Depths:3 | Reached skill level 1 in Fire Magic
 94723 | Depths:3 | Found a gateway to a ziggurat.
 94880 | Depths:3 | Found Seatoo's Armour Boutique.
 95577 | Depths:4 | Reached skill level 10 in Shields
 95605 | Depths:4 | Found a corrupted altar of Lugonu.
 95641 | Depths:4 | Noticed Jorgrun
 95646 | Depths:4 | Noticed the Enchantress
 95647 | Depths:4 | Killed Jorgrun
 95648 | Depths:4 | Killed the Enchantress
 95818 | Depths:4 | Got faerie dragon scales
 95819 | Depths:4 | Identified the +2 faerie dragon scales {rCorr MP+9} (You
                  | took it off the Enchantress on level 4 of the Depths)
 95973 | Depths:4 | Noticed Xtahua
 95980 | Depths:4 | Killed Xtahua
 96702 | Depths:5 | Entered Level 5 of the Depths
 96910 | Depths:5 | Reached XP level 25. HP: 87/150 MP: 48/48
 97271 | Depths:5 | Found a gate to the Realm of Zot.
 97888 | Depths:5 | Got a smoking scale mail
 97892 | Depths:5 | Identified the +9 scale mail of the Soldier {Int+2} (You
                  | found it on level 5 of the Depths)
 98268 | Depths:5 | Quit the game

Levels and vault maps discovered:
D:1:      elethiomel_arrival_infinity_welcomes_careful_drivers
D:2:      uniq_terence
D:3:      uniq_jessica
D:4:      old_standard_altar, kiku_gazebo_garden_becter, temple_hall,
          minmay_box_of_dots
D:5:      marbit_many_paths, first_bread, gup_sewer_entry_spiral
D:6:      grunt_temple_overflow_open
D:7:      grunt_gozag_statues, basic_altar
D:8:      david_lair_generic, hangedman_pestilent_swarm, led_sif_pool
D:9:      lemuel_troll_bridge, nicolae_overflow_crystal_walls, serial_shops,
          nicolae_shop_temple_entry_statues_fountains, lightli_corner_chamber
D:10:     nicolae_elemental_shop
D:11:     david_orc_3, patterned_corridor, uniq_josephine, uniq_grum
D:12:     minmay_spiral_squares, basic_altar, serial_glass, glass_columns_b,
          glass_columns_b, uniq_urug
D:14:     lightli_vaults_fourway_checkpoint, columned_hall_lemuel
D:15:     hangedman_depths_entry_civil_slaughter, nicolae_tso_swordbearing_angel
Lair:1:   wad_woods_03
Lair:2:   infiniplex_staircase_pool
Lair:3:   minmay_snake_entry_spellcaster
Lair:4:   nicolae_swamp_entry_splash_gauntlet, grunt_megastairs_2, uniq_sonja
Lair:5:   hangedman_what_comes_after_a, lemuel_fruit_tree
Lair:6:   due_jungle_book, minmay_slime_entry_pillars, grunt_megastairs_5
Swamp:1:  evilmike_swamp_ruin_house_5
Swamp:2:  evilmike_swamp_ruin_rubble_1
Swamp:3:  hangedman_swamp_ruin_hall, swamp_pool1,
          nicolae_swamp_feature_on_the_river_bank, uniq_bai_suzhen
Swamp:4:  swamp_old_school, portal_ice_cave_entry_pillars_three, swamp_pool5,
          uniq_donald
Snake:2:  minmay_shop_grove
Snake:3:  serial_bayou_pond_e, uniq_aizul
Snake:4:  snake_pit
Slime:1:  cheibrodos_slime_lost_civilization_5
Slime:3:  nicolae_slime_jelly_donut
Orc:1:    library_closet
Orc:2:    st_orc_open, uniq_erolcha
Elf:1:    minmay_elf_arrival_summoners, minmay_elf_sorcery
Elf:2:    small_chamber_with_monster
Elf:3:    minmay_elf_hall_spiked, serial_shops, nicolae_shop_stone,
          fake_guardian_serpent_vault
Vaults:1: hangedman_vaults_nodes, grunt_vaults_focal, v_misc_3,
          nicolae_vaults_display_case, nicolae_vaults_alarming,
          ontoclasm_vaults_hangar, vaults_room_hallway, v_misc_25,
          grunt_vaults_hallway_short
Vaults:2: minmay_crypt_entry_simple_corners, nicolae_vaults_big_angled_halls,
          vaults_standard_mumra_x, v_misc_24, v_misc_22, v_pattern_5,
          nicolae_vaults_border_crossing, nicolae_vaults_yaktaur_gun_rack,
          nicolae_vaults_network_s, vaults_room_stairs_pillars,
          vaults_dpeg_spiral, v_misc_3, serial_shops, nicolae_shop_trees
Vaults:3: v_alt_pattern_2, hangedman_vaults_pinch,
          nicolae_vaults_hallways_thing, vaults_mumra_hexcomb,
          vaults_room_hallway, v_rooms_6, nicolae_vaults_big_angled_halls,
          v_misc_9, nicolae_vaults_triangles, vaults_room_door_ring,
          vaults_room_ringed_pool, nicolae_vaults_theta, vaults_room_pool,
          grunt_vaults_hallway_short, hangedman_vaults_stretched_pinwheel,
          portal_desolation_entry_nicolae_slug
Vaults:4: grunt_vaults_twisty, vaults_room_door_ring, st_smaller_cells,
          vaults_mumra_lcd, nicolae_vaults_circle_grid_a, v_misc_13,
          vaults_room_door_ring, nicolae_vaults_shelves_hall,
          vaults_dpeg_encased_lava, vaults_dpeg_hooks,
          vaults_room_stairs_pillars, serial_shops, bzr_in_the_mist,
          uniq_margery, uniq_boris
Vaults:5: serial_shops, uniq_sojobo, uniq_mennas
Depths:1: grunt_pan_entry_zigzag, hangedman_coc_ice_floe,
          abyss_entry_small_statue_room, kennysheep_cluttered_room,
          lemuel_nasty_fountain, uniq_saint_roka
Depths:2: minmay_guarded_unrand_majin_bo, infiniplex_staircase_zigzag_5,
          serial_shops, nicolae_shop_temple_entry_statues_fountains, hell_entry,
          hangedman_abyss_entry_splay
Depths:3: minmay_crescents, enter_ziggurat_c, hell_entry,
          minmay_strange_pillars, serial_shops, nicolae_shop_behind_doors,
          pan_entry, serial_sigils_hangedman_confine, hangedman_decor_growths,
          serial_bayou_shore_a
Depths:4: due_chaos_kobolds, hell_entry, hangedman_abyss_or_decor_clamps,
          abyss_entry_crystal, minmay_staircase_statues_hall_large,
          uniq_jorgrun, uniq_xtahua, uniq_enchantress
Depths:5: hangedman_pleasuredromes, hell_entry

Skill      XL: |  1  2  3  4  5  6  7  8  9 10 11 12 13 14 15 16 17 18 19 20 21 22 23 24 25 |
---------------+----------------------------------------------------------------------------+-----
Air Magic      | 5 6 7 8 10 11 13 14 17 19 22 23 | 23.0
Spellcasting   | 3 4 5 6 7 8 9 11 12 13 15 17 18 19 20 | 20.0
Armour         | 1 3 4 7 8 11 12 13 | 13.2
Shields        | 3 4 7 12 14 | 14.6
Fighting       | 3 4 6 7 8 10 11 12 13 | 13.5
Dodging        | 4 6 7 10 11 12 13 | 13.1
Conjurations   | 8 9 10 11 14 16 | 16.5
Polearms       | 3 |  3.1
Summonings     | 5 10 14 | 14.0
Translocations | 3 5 6 |  6.2
Charms         | 4 |  4.1
Ice Magic      | 2 4 6 |  6.6
Evocations     | 2 8 |  8.0
Fire Magic     | 3 |  3.0
Stealth        | |  2.0

Action                   |  1- 3 |  4- 6 |  7- 9 | 10-12 | 13-15 | 16-18 | 19-21 | 22-24 | 25-27 || total
-------------------------+-------+-------+-------+-------+-------+-------+-------+-------+-------++-------
Melee: Short sword       |    21 |    15 |    62 |       |       |       |       |       |       ||    98
       Kick              |     2 |     4 |    19 |    57 |    51 |     1 |       |       |       ||   134
       Peck              |       |     1 |    10 |    22 |    34 |       |       |       |       ||    67
       Dagger            |       |       |    18 |   131 |   110 |       |       |       |       ||   259
       Trident           |       |       |       |     5 |       |       |       |       |       ||     5
       Whip              |       |       |       |       |     6 |       |       |       |       ||     6
       Staff             |       |       |       |       |     1 |     1 |     1 |       |       ||     3
       Headbutt          |       |       |       |       |       |       |     1 |       |       ||     1
 Fire: Hunting sling     |    32 |    59 |    64 |     2 |       |       |       |       |       ||   157
Throw: Boomerang         |       |       |       |     1 |       |       |       |       |       ||     1
 Cast: Shock             |    40 |    62 |    81 |   113 |   464 |   652 |   376 |   368 |    27 ||  2183
       Swiftness         |     1 |     1 |     4 |     5 |    10 |     4 |     5 |     7 |     1 ||    38
       Airstrike         |       |     7 |    91 |   280 |   411 |   629 |   615 |   693 |   104 ||  2830
       Lightning Bolt    |       |       |       |    13 |    53 |       |       |       |       ||    66
       Force Lance       |       |       |       |     5 |       |       |       |       |       ||     5
       Static Discharge  |       |       |       |    15 |    60 |       |       |       |       ||    75
       Sticky Flame      |       |       |       |     8 |    39 |       |       |       |       ||    47
       Iskenderun's Myst |       |       |       |       |    98 |       |       |       |       ||    98
       Conjure Ball Ligh |       |       |       |       |    12 |       |       |       |       ||    12
       Freezing Cloud    |       |       |       |       |    16 |    35 |    56 |    60 |     8 ||   175
       Iskenderun's Batt |       |       |       |       |    42 |   184 |   137 |   173 |    19 ||   555
       Apportation       |       |       |       |       |       |    17 |    18 |    16 |     3 ||    54
       Summon Forest     |       |       |       |       |       |    19 |     5 |       |       ||    24
       Spellforged Servi |       |       |       |       |       |     6 |     9 |    13 |     2 ||    30
       Deflect Missiles  |       |       |       |       |       |     3 |     5 |     6 |       ||    14
       Summon Lightning  |       |       |       |       |       |       |    65 |    77 |     7 ||   149
       Chain Lightning   |       |       |       |       |       |       |     9 |     6 |     5 ||    20
       Shadow Creatures  |       |       |       |       |       |       |     3 |    19 |       ||    22
       Tornado           |       |       |       |       |       |       |       |     7 |       ||     7
       Passage of Golubr |       |       |       |       |       |       |       |     3 |     2 ||     5
       Regeneration      |       |       |       |       |       |       |       |     1 |       ||     1
       Bolt of Fire      |       |       |       |       |       |       |       |    10 |       ||    10
 Abil: Fly               |       |       |    13 |    68 |    29 |       |     3 |     4 |       ||   117
       Evoke Invisibilit |       |       |       |       |       |     1 |       |       |       ||     1
       Stop Flying       |       |       |       |       |       |       |     3 |     4 |       ||     7
       Evoke Fog         |       |       |       |       |       |       |       |     1 |       ||     1
Evoke: Wand              |       |       |     8 |     6 |     6 |     5 |     3 |     1 |       ||    29
  Use: Scroll            |       |       |    19 |    14 |    10 |    14 |    10 |    26 |     4 ||    97
       Potion            |       |       |       |     1 |     1 |     1 |     2 |     5 |       ||    10
 Stab: Sleeping          |     3 |       |     1 |       |       |       |       |       |       ||     4
  Eat: Chunk             |     3 |     6 |    22 |    32 |    71 |    36 |    35 |    36 |     4 ||   245
       Buggy fruit       |     1 |     3 |     5 |    10 |     5 |    10 |     6 |     2 |       ||    42
       Buggy jelly       |       |       |     3 |    16 |    17 |     2 |     5 |     4 |       ||    47
       Ration            |       |       |     1 |       |       |    10 |     7 |     1 |       ||    19
       Buggy ration      |       |       |       |       |       |       |       |     4 |       ||     4
Armor: Robe              |     4 |       |       |       |       |       |       |       |       ||     4
       Leather armour    |     7 |    16 |    17 |     1 |     1 |       |       |       |       ||    42
       Ring mail         |       |       |       |    53 |    27 |    45 |    74 |    43 |       ||   242
       Troll leather arm |       |       |       |       |    28 |       |       |       |       ||    28
       Fire dragon scale |       |       |       |       |       |       |       |    29 |    26 ||    55
Dodge: Dodged            |    25 |    17 |    56 |   136 |   289 |   379 |   341 |   348 |    48 ||  1639
       Deflected         |       |       |       |       |       |    47 |    48 |    63 |     7 ||   165
Block: Buckler           |       |       |    15 |    75 |    95 |   108 |    94 |    73 |       ||   460
       Shield            |       |       |       |       |       |       |       |    27 |    44 ||    71
       Reflection        |       |       |       |       |       |       |       |     2 |       ||     2

Table legend:
 A = Non-vault XP
 B = Vault XP
 C = Vault XP percentage of total XP
 D = Non-vault monster count
 E = Vault monster count
 F = Vault count percentage of total count
                 A         B        C        D         E       F
            +---------+---------+-------+---------+---------+-------
      Total | 1029714 |       0 |   0.0 |    2147 |       0 |   0.0
            +---------+---------+-------+---------+---------+-------
        D:1 |      30 |       0 |   0.0 |      16 |       0 |   0.0
        D:2 |     106 |       0 |   0.0 |      20 |       0 |   0.0
        D:3 |     500 |       0 |   0.0 |      33 |       0 |   0.0
        D:4 |     610 |       0 |   0.0 |      18 |       0 |   0.0
        D:5 |     757 |       0 |   0.0 |      23 |       0 |   0.0
        D:6 |     370 |       0 |   0.0 |      15 |       0 |   0.0
        D:7 |     521 |       0 |   0.0 |       7 |       0 |   0.0
        D:8 |    4266 |       0 |   0.0 |      28 |       0 |   0.0
        D:9 |   10681 |       0 |   0.0 |      61 |       0 |   0.0
       D:10 |    2261 |       0 |   0.0 |      26 |       0 |   0.0
       D:11 |   10590 |       0 |   0.0 |      69 |       0 |   0.0
       D:12 |   17541 |       0 |   0.0 |      76 |       0 |   0.0
       D:13 |   10011 |       0 |   0.0 |      35 |       0 |   0.0
       D:14 |   18342 |       0 |   0.0 |      43 |       0 |   0.0
       D:15 |   12673 |       0 |   0.0 |      29 |       0 |   0.0
     Lair:1 |    3148 |       0 |   0.0 |      10 |       0 |   0.0
     Lair:2 |    3889 |       0 |   0.0 |      13 |       0 |   0.0
     Lair:3 |    3480 |       0 |   0.0 |      13 |       0 |   0.0
     Lair:4 |    4198 |       0 |   0.0 |      21 |       0 |   0.0
     Lair:5 |   19595 |       0 |   0.0 |      87 |       0 |   0.0
     Lair:6 |   14086 |       0 |   0.0 |      31 |       0 |   0.0
    Swamp:1 |    9445 |       0 |   0.0 |      29 |       0 |   0.0
    Swamp:2 |   15766 |       0 |   0.0 |      40 |       0 |   0.0
    Swamp:3 |    6625 |       0 |   0.0 |      22 |       0 |   0.0
    Swamp:4 |   31855 |       0 |   0.0 |      58 |       0 |   0.0
    Snake:1 |   13307 |       0 |   0.0 |      26 |       0 |   0.0
    Snake:2 |   14452 |       0 |   0.0 |      28 |       0 |   0.0
    Snake:3 |   15394 |       0 |   0.0 |      31 |       0 |   0.0
    Snake:4 |   38415 |       0 |   0.0 |      58 |       0 |   0.0
    Slime:1 |   16867 |       0 |   0.0 |      29 |       0 |   0.0
    Slime:2 |   14069 |       0 |   0.0 |      34 |       0 |   0.0
    Slime:3 |   24725 |       0 |   0.0 |      52 |       0 |   0.0
    Slime:4 |   14548 |       0 |   0.0 |      22 |       0 |   0.0
    Slime:5 |   49965 |       0 |   0.0 |      46 |       0 |   0.0
      Orc:1 |    3266 |       0 |   0.0 |      31 |       0 |   0.0
      Orc:2 |   18963 |       0 |   0.0 |      66 |       0 |   0.0
      Elf:1 |   25726 |       0 |   0.0 |      41 |       0 |   0.0
      Elf:2 |   45721 |       0 |   0.0 |      65 |       0 |   0.0
      Elf:3 |   66588 |       0 |   0.0 |      71 |       0 |   0.0
   Vaults:1 |   33176 |       0 |   0.0 |      75 |       0 |   0.0
   Vaults:2 |   51167 |       0 |   0.0 |      96 |       0 |   0.0
   Vaults:3 |   40217 |       0 |   0.0 |      68 |       0 |   0.0
   Vaults:4 |   58706 |       0 |   0.0 |      84 |       0 |   0.0
   Vaults:5 |   34876 |       0 |   0.0 |      31 |       0 |   0.0
   Depths:1 |   20583 |       0 |   0.0 |      30 |       0 |   0.0
   Depths:2 |   51659 |       0 |   0.0 |      57 |       0 |   0.0
   Depths:3 |   44876 |       0 |   0.0 |      52 |       0 |   0.0
   Depths:4 |   41778 |       0 |   0.0 |      50 |       0 |   0.0
   Depths:5 |   76637 |       0 |   0.0 |      76 |       0 |   0.0
      Sewer |     318 |       0 |   0.0 |      48 |       0 |   0.0
      IceCv |   12369 |       0 |   0.0 |      57 |       0 |   0.0
            +---------+---------+-------+---------+---------+-------
